 Dungeon Crawl Stone Soup version 0.30-a0-870-gc5d4c5acee (webtiles) character file.

Game seed: 12866230264164741523

4074 jimonade the Thaumaturge (level 10, -11/64 HPs)
             Began as a Djinni Warper on Mar 11, 2023.
             Was a Priest of Okawaru.
             Mangled by an orc warrior
             ... wielding a +0 hand axe
              (15 damage)
             ... on level 8 of the Dungeon.
             The game lasted 00:24:53 (7097 turns).

jimonade the Thaumaturge (Djinni Warper)            Turns: 7097, Time: 00:24:54

Health: -11/64     AC:  8    Str: 14    XL:     10   Next: 49%
Gold:   1041       EV: 16    Int: 15    God:    Okawaru [***...] SH:  0 Dex: 13

rFire   + + .      SeeInvis .    a - +2 short sword (venom)
rCold   + . .      Faith    .    (no shield)
rNeg    . . .      Spirit   .    i - +3 ring mail {rC+}
rPois   ∞          Reflect  .    (no helmet)
rElec   .          Rampage  .    (no cloak)
rCorr   .                        (no gloves)
Will    +....                    (boots unavailable)
Stlth   +                        f - amulet of regeneration
HPRegen 1.10/turn                p - +5 ring of evasion
MPRegen 0.00/turn                H - ring of protection from cold

@: flying
A: sickness immunity, fire resistance 2, cold vulnerability 1, float, innate
caster, HP casting, extra vitality 1
a: Renounce Religion, Heroism


You were on level 8 of the Dungeon.
You worshipped Okawaru.
Okawaru was most pleased with you.
You visited 2 branches of the dungeon, and saw 9 of its levels.
You also visited: Sewer and Bailey.

You collected 1041 gold pieces.

Inventory:

Hand Weapons
 a - a +2 short sword of venom (weapon)
 b - a +0 whip of electrocution
 c - a +1 dagger of freezing
 d - a +6 dagger
 n - a +0 flail
 s - a +0 whip
 T - a +1 short sword of holy wrath
Missiles
 z - 2 curare-tipped darts
 B - 25 poisoned darts
 E - 7 boomerangs of dispersal
 L - 9 boomerangs
 N - 8 datura-tipped darts
Armour
 i - a +3 ring mail of cold resistance (worn)
 D - a +0 plate armour
 O - a +2 leather armour of cold resistance
 P - a +3 ring mail
Jewellery
 f - an amulet of regeneration (around neck)
 l - a ring of wizardry
 p - a +5 ring of evasion (left hand)
 H - a ring of protection from cold (right hand)
 K - a +6 ring of strength
Wands
 o - a wand of quicksilver (10)
 y - a wand of flame (27)
 I - a wand of digging (8)
 J - a wand of charming (3)
 S - a wand of mindburst (17)
Scrolls
 g - 4 scrolls of fog
 j - 5 scrolls of identify
 q - 2 scrolls of enchant armour
 u - a scroll of magic mapping
 v - a scroll of teleportation
 w - a scroll of enchant weapon {unknown}
 C - a scroll of poison
 Q - 2 scrolls of blinking
 R - a scroll of brand weapon {unknown}
 U - a scroll of vulnerability {unknown}
Potions
 e - 2 potions of flight {unknown}
 k - 2 potions of invisibility
 m - 4 potions of brilliance
 r - 5 potions of curing
 t - a potion of attraction
 x - 2 potions of haste {unknown}
 A - 2 potions of mutation
 F - 3 potions of resistance
 G - 2 potions of lignification {unknown}
 M - a potion of might {unknown}
Miscellaneous
 h - a piece from Xom's chessboard (15/15)


   Skills:
 + Level 2.0 Fighting
 * Level 0.6 Maces & Flails
 - Level 1.5 Polearms
 - Level 5.9 Throwing
 + Level 1.5 Armour
 + Level 2.1 Dodging
 + Level 0.1 Stealth
 - Level 10.0 Spellcasting
 * Level 1.3 Invocations


You knew the following spells:

 Your Spells              Type           Power      Damage    Failure   Level
a - Blink                 Tloc           74%        N/A       1%          2
b - Lesser Beckoning      Tloc           74%        N/A       1%          2
c - Vhi's Electric Charg  Tloc/Air       74%        N/A       1%          3
d - Teleport Other        Tloc           37%        N/A       1%          3
e - Manifold Assault      Tloc           37%        N/A       3%          4
f - Apportation           Tloc           74%        N/A       1%          1
g - Scorch                Fire           74%        2d9       1%          2
h - Portal Projectile     Hex/Tloc       74%        N/A       1%          3
i - Confusing Touch       Hex            37%        N/A       1%          3
Your spell library was empty.

Dungeon Overview and Level Annotations

Branches:
Dungeon (8/15)             Temple (1/1) D:5           Sewer (visited)
 Bailey (visited)
   Lair: D:8-11

Altars:
Ashenzari
Cheibriados
Dithmenos
Elyvilon
Gozag
Hepliaklqana
Makhleb
Nemelex Xobeh
Okawaru
Trog
Uskayaw
Wu Jian
Xom
Yredelemnul
Zin
The Shining One
Lugonu

Portals:
Abyss: D:3

Annotations:
D:3 2 runed translucent doors


Innate Abilities, Weirdness & Mutations

You are immune to sickness and miasma.
You are immune to poison.
Your flesh is very heat resistant. (rF++)
You are vulnerable to cold. (rC-)
You float through the air rather than walking.
You learn spells naturally, not from books.
Your magical power is your life essence.
You have superior vitality. (+4 MHP)


Message History

Beogh smites you!
An orc comes into view. It is wielding a +0 short sword.
Flames lash the orc warrior.
The orc warrior is lightly wounded.
The orc warrior's fire resistance burns away.
You hear a shout!
The orc warrior drinks a potion.
The orc warrior goes berserk!
Flames lash the orc warrior.
The orc warrior is burned terribly!
The orc warrior is moderately wounded.
The orc warrior rages.
The orc warrior barely misses you.
Flames lash the orc warrior.
The orc warrior is burned terribly!
The orc warrior is heavily wounded.
The orc warrior hits you with a +0 hand axe!
The orc priest invokes the aid of Beogh against you.
Beogh smites you!
You are too injured to fight recklessly!
Casting: Scorch (safe; 1% risk of failure)
Confirm with . or Enter, or press ? or * to list all spells.
You blink.
You feel stable enough to blink again.
The orc priest looks satisfied for a moment.
The orc priest calls upon Beogh to heal the orc warrior.
The orc warrior is healed somewhat.
The orc warrior hits you with a +0 hand axe!
You are too injured to fight recklessly!
Unknown command.
Casting: Scorch (safe; 1% risk of failure)
Press: ? - help, Q - select action, (/) - cycle Dir - look around, f - activate Flames lash the orc warrior.
The orc warrior is burned terribly!
The orc warrior is severely wounded.
The orc warrior hits you with a +0 hand axe!
* * * LOW HITPOINT WARNING * * *
Casting: Scorch (safe; 1% risk of failure)
Press: ? - help, Q - select action, (/) - cycle Dir - look around, f - activate Flames lash the orc warrior.
The orc warrior is almost dead.
* * * LOW HITPOINT WARNING * * *
The orc warrior hits you with a +0 hand axe!
You die...

..
########..##########
.........#
#######.## #.# #.#
#.# #.# #.# #@# #o#
#.# ..oo... ###.#
..o.... #...#
....... ##.###
....... ##..#
....... ###..##
.......###...##


You could see an orc warrior (berserk, combustible).

Vanquished Creatures
  Grinder (D:5)
  2 water moccasins
  Duvessa (D:7)
  7 orc warriors
  A sky beast (D:7)
  2 ice beasts
  2 black bears
  An ogre (D:3)
  2 centaurs
  3 phantoms
  6 bullfrogs
  5 kobold brigands (Bailey)
  3 scorpions
  Dowan (D:7)
  A killer bee (D:5)
  2 howler monkeys (D:8)
  2 jellies
  4 hounds
  3 orc priests
  A gnoll bouda (D:8)
  An iguana (D:5)
  2 sleepcaps
  Jessica (D:2)
  Natasha (thrice) (D:2)
  3 orc wizards (D:6)
  11 gnolls
  9 adders
  A river rat (D:5)
  2 white imps
  5 worms
  4 dart slugs
  18 orcs
  6 ball pythons
  9 bats
  10 endoplasms
  8 giant cockroaches
  13 goblins
  6 hobgoblins
  4 jackals (D:5)
  11 kobolds
  7 quokkas
  6 frilled lizards
  7 rats
197 creatures vanquished.

Notes
Turn   | Place    | Note
-------+----------+-------------------------------------------
     0 | D:1      | jimonade the Djinni Warper began the quest for the Orb.
     0 | D:1      | jimonade set off with the following spells memorised:
                  | Blink, Lesser Beckoning, Vhi's Electric Charge, Teleport
                  | Other, Manifold Assault.
     0 | D:1      | Reached XP level 1. HP: 18/18 MP: 0/0
   127 | D:1      | Reached XP level 2. HP: 23/23 MP: 0/0
   386 | D:1      | Reached skill level 3 in Spellcasting
   487 | D:1      | Reached XP level 3. HP: 28/28 MP: 0/0
   487 | D:1      | Learned a level 1 spell: Apportation
   986 | D:2      | Noticed Jessica
  1075 | D:2      | Found a hide-covered altar of Uskayaw.
  1293 | D:1      | Reached XP level 4. HP: 20/33 MP: 0/0
  1366 | D:2      | Killed Jessica
  1367 | D:2      | Reached skill level 4 in Spellcasting
  1522 | D:2      | Reached XP level 5. HP: 38/38 MP: 0/0
  1522 | D:2      | Learned a level 2 spell: Scorch
  1553 | D:2      | Noticed Natasha
  1615 | D:2      | Killed Natasha
  1979 | D:2      | Noticed Natasha
  1983 | D:2      | Killed Natasha
  1984 | D:2      | Reached XP level 6. HP: 39/43 MP: 0/0
  2052 | D:2      | Noticed Natasha
  2056 | D:2      | Killed Natasha
  2057 | D:2      | Reached skill level 5 in Spellcasting
  2231 | D:3      | Found a one-way gate to the infinite horrors of the Abyss.
  2264 | D:3      | Found a large runed translucent door.
  2264 | D:3      | Found a large runed translucent door.
  2265 | D:3      | Found a corrupted altar of Lugonu.
  2406 | D:3      | Noticed an ogre
  2431 | D:3      | Killed an ogre
  2971 | D:4      | Found a broken altar of Ashenzari.
  3044 | D:4      | Reached XP level 7. HP: 39/49 MP: 0/0
  3044 | D:4      | Learned a level 3 spell: Portal Projectile
  3147 | D:4      | Reached skill level 6 in Spellcasting
  3168 | D:4      | You are sucked into a shaft and drop 1 floor!
  3168 | D:5      | Entered Level 5 of the Dungeon
  3183 | D:5      | Found a shadowy altar of Dithmenos.
  3268 | D:5      | Found a glowing drain.
  3275 | Sewer    | Entered a sewer
  3603 | D:5      | Reached XP level 8. HP: 51/54 MP: 0/0
  3608 | D:5      | Reached skill level 7 in Spellcasting
  3618 | D:5      | Found a basalt altar of Yredelemnul.
  3673 | D:5      | Found a staircase to the Ecumenical Temple.
  3679 | Temple   | Entered the Ecumenical Temple
  3763 | Temple   | Became a worshipper of Warmaster Okawaru
  3933 | D:5      | Found a broken altar of Ashenzari.
  4199 | D:5      | Found a white marble altar of Elyvilon.
  4241 | D:5      | Noticed Grinder
  4254 | D:5      | Killed Grinder
  4254 | D:5      | Reached * piety under Okawaru
  4255 | D:5      | Reached skill level 8 in Spellcasting
  4458 | D:5      | Reached XP level 9. HP: 44/58 MP: 0/0
  4458 | D:5      | Learned a level 3 spell: Confusing Touch
  4871 | D:6      | Reached skill level 9 in Spellcasting
  4905 | D:6      | Found a sparkling altar of Nemelex Xobeh.
  5253 | D:6      | Reached ** piety under Okawaru
  5503 | D:6      | Identified the +1 ring mail of Inaction {Int+3}
  5568 | D:6      | Reached skill level 10 in Spellcasting
  5751 | D:7      | Reached skill level 1 in Throwing
  5772 | D:7      | Found a flagged portal.
  5790 | Bailey   | Entered a bailey
  5831 | Bailey   | Reached XP level 10. HP: 33/64 MP: 0/0
  6038 | Bailey   | Reached *** piety under Okawaru
  6059 | Bailey   | Found a burning altar of Makhleb.
  6207 | D:7      | Noticed Duvessa
  6207 | D:7      | Noticed Dowan
  6219 | D:7      | Killed Duvessa
  6220 | D:7      | Reached skill level 5 in Throwing
  6221 | D:7      | Killed Dowan
  6266 | D:7      | Found an ornate altar of the Wu Jian Council.
  6700 | D:8      | Reached skill level 1 in Invocations
  6769 | D:8      | Noticed a two-headed ogre
  7097 | D:8      | Mangled by an orc warrior

Illustrated notes

Levels and vault maps discovered:
D:1:      dpeg_arrival_pits, layout_basic, hangedman_decor_growths,
          minmay_pentomino_v2
D:2:      layout_rooms, basic_altar, minivault_25, st_stairs_2, uniq_jessica,
          uniq_natasha
D:3:      due_chaos_kobolds, layout_loops_cross, minmay_ogre_servants
D:4:      layout_cave_pools, mainiacjoe_overflow_brackets
D:5:      black_bear_nest_1, layout_loops_ring,
          mainiacjoe_overflow_catch_the_wave, minmay_temple_entry_hall,
          portal_sewer_entry_e, hangedman_feature_mirror, uniq_grinder
D:6:      layout_loops_cross, nicolae_overflow_hidden_temple
D:7:      layout_rooms, nicolae_wu_jian_wuxing_cycle, enter_bailey_2,
          uniq_duvessa
D:8:      layout_basic
Temple:   nicolae_temple_superstar

Skill      XL: |  1  2  3  4  5  6  7  8  9 10 |
---------------+-------------------------------+-----
Spellcasting   | 3 4 5 6 8 10 | 10.0
Throwing       | 3 5 |  5.9
Invocations    | 1 |  1.3
Fighting       | |  2.0
Maces & Flails | |  0.6
Polearms       | |  1.5
Armour         | |  1.5
Dodging        | |  2.1
Stealth        | |  0.1

Action                     |  1- 3 |  4- 6 |  7- 9 | 10-12 || total
---------------------------+-------+-------+-------+-------++-------
  Melee: Spear             |   163 |     6 |       |       ||   169
         Punch             |     1 |       |       |       ||     1
         Dagger            |       |    49 |    40 |       ||    89
         Short sword       |       |       |    10 |    20 ||    30
   Cast: Scorch            |       |    37 |   166 |    64 ||   267
         Manifold Assault  |       |       |     5 |     5 ||    10
         Vhi's Electric Ch |       |       |     1 |       ||     1
         Blink             |       |       |       |     2 ||     2
         Confusing Touch   |       |       |       |     1 ||     1
    Use: Scroll            |       |       |    18 |       ||    18
   Stab: Sleeping          |     1 |       |       |       ||     1
 Armour: Leather armour    |     1 |       |       |       ||     1
         Ring mail         |    49 |    24 |    25 |     7 ||   105
  Dodge: Dodged            |    95 |    59 |    83 |    34 ||   271

Table legend: (Time is in decaauts)
 A = Elapsed time spent in this place.
 B = Non-inter-level travel time spent in this place.
 C = Inter-level travel time spent in this place.
 D = Time resting spent in this place.
 E = Time spent auto-exploring this place.
 F = Levels seen in this place.
 G = Mean time per level.
                   A        B        C        D        E       F      G
               +--------+--------+--------+--------+--------+-----+--------+
         Total |   7101 |   6861 |    240 |    633 |   3642 |  11 |  645.5 |
       Dungeon |   6380 |   6146 |    234 |    548 |   3496 |   8 |  797.5 |
        Temple |     91 |     85 |      6 |      0 |     64 |   1 |   91.0 |
         Sewer |    286 |    286 |      0 |     47 |     54 |   1 |  286.0 |
        Bailey |    341 |    341 |      0 |     38 |     28 |   1 |  341.0 |
               +--------+--------+--------+--------+--------+-----+--------+

Top non-repeatable levels by time:
     D:1: 1354 daAuts
     D:5: 980 daAuts
     D:6: 872 daAuts
     D:3: 859 daAuts
     D:2: 767 daAuts
     D:7: 584 daAuts
     D:4: 503 daAuts
     D:8: 459 daAuts
  Bailey: 341 daAuts
   Sewer: 286 daAuts
  Temple: 91 daAuts
